 Dungeon Crawl Stone Soup version 0.28-a0-1629-gf728b70 (webtiles) character file.

Game seed: 3155913910225601515

246 PidgeyThePirate the Ruffian (level 5, 0/40 HPs)
             Began as a Demigod Transmuter on Jan 24, 2022.
             Slain by an ogre (19 damage)
             ... on level 2 of the Dungeon.
             The game lasted 00:10:44 (5261 turns).

PidgeyThePirate the Ruffian (Demigod Transmuter)    Turns: 5261, Time: 00:10:45

Health: 0/40       AC:  4    Str: 15    XL:     5   Next: 54%
Magic:  11/11      EV: 12    Int: 15    God:
Gold:   69         SH:  0    Dex: 20    Spells: 5/8 levels left

rFire   . . .      SeeInvis .     - Unarmed
rCold   + . .      Faith    .   (no shield)
rNeg    . . .      Spirit   .   d - +0 leather armour
rPois   .          Reflect  .   (no helmet)
rElec   .          Harm     .   (no cloak)
rCorr   .          Rampage  .   e - +0 pair of gloves
Will    .....                   (no boots)
Stlth   ++........              (no amulet)
HPRegen 0.13/turn               b - +6 ring of dexterity
MPRegen 0.12/turn               p - ring of protection from cold

@: no status effects
A: high mp 1, forlorn, divine attributes
a: no special abilities


You were on level 2 of the Dungeon.
You visited 1 branch of the dungeon, and saw 5 of its levels.

You collected 69 gold pieces.

Inventory:

Missiles
 h - 2 atropa-tipped darts (quivered)
Armour
 d - a +0 leather armour (worn)
 e - a +0 pair of gloves (worn)
 l - a +0 ring mail
 n - a +0 pair of boots
Jewellery
 b - a +6 ring of dexterity (left hand)
 p - a ring of protection from cold (right hand)
Scrolls
 a - a scroll of fear {unknown}
 c - 2 scrolls of identify {unknown}
 f - a scroll of noise
 i - a scroll of amnesia {unknown}
 j - a scroll of teleportation {unknown}
 k - a scroll of immolation {unknown}
 m - a scroll of vulnerability {unknown}
Potions
 o - a potion of flight {unknown}


   Skills:
 + Level 1.4 Fighting
 + Level 1.1 Armour
 + Level 2.3 Dodging
 - Level 1.2 Stealth
 * Level 4.7 Unarmed Combat
 + Level 2.4 Spellcasting
 + Level 2.1 Transmutations


You had 5 spell levels left.
You knew the following spells:

 Your Spells              Type           Power      Damage    Failure   Level
a - Beastly Appendage     Tmut           16%        N/A       11%         1
b - Wereblood             Tmut           8%         N/A       16%         2

Your spell library contained the following spells:

 Spells                   Type           Power      Damage    Failure   Level
 Spider Form              Tmut/Pois      5%         N/A       45%         3
 Ice Form                 Ice/Tmut       5%         N/A       86%         4
 Dispersal                Tloc           0%         N/A       100%        6
 Disjunction              Tloc           0%         N/A       100%        8


Dungeon Overview and Level Annotations

Branches:
Dungeon (5/15)
 Temple: D:4-7

Shops:
D:4 !

Annotations:
D:3 1 runed translucent door, Dorkslayer's ghost, amateur HOFi


Innate Abilities, Weirdness & Mutations

You have an increased reservoir of magic. (+10% MP)
You shall have no god before yourself.
Your divine heritage dramatically boosts your attributes as you level up.


Message History

Aim: an ogre, wielding a +0 giant club (confused, blind, 86% to hit)
You throw a poisoned dart. The poisoned dart hits the ogre.
The ogre is poisoned.
The ogre seems less confused.
Unknown command.
Throw: 3 darts (poison)
Press: ? - help, Q - select action, (/) - cycle Shift-Dir - straight line, f/p - ogre
Aim: an ogre, wielding a +0 giant club (lightly wounded, blind, poisoned, 76% to hit)
You throw a poisoned dart. The poisoned dart hits the ogre.
The ogre looks even sicker.
The ogre is lightly wounded.
Throw: 2 darts (poison)
Press: ? - help, Q - select action, (/) - cycle Shift-Dir - straight line, f/p - ogre
Aim: an ogre, wielding a +0 giant club (lightly wounded, blind, very poisoned, 76% to hit)
You throw a poisoned dart. The poisoned dart hits the ogre.
The ogre looks even sicker.
The ogre is lightly wounded.
Throw: dart (poison)
Press: ? - help, Q - select action, (/) - cycle Shift-Dir - straight line, f/p - ogre
Aim: an ogre, wielding a +0 giant club (lightly wounded, blind, very poisoned, 76% to hit)
You throw a poisoned dart. The poisoned dart hits the ogre.
The ogre is lightly wounded.
The ogre is no longer blind.
Throw: 4 darts (atropa)
Press: ? - help, Q - select action, (/) - cycle Shift-Dir - straight line, f/p - ogre
Aim: an ogre, wielding a +0 giant club (moderately wounded, very poisoned, 76% to hit, chance to blind on hit: 27%)
You throw an atropa-tipped dart. The atropa-tipped dart hits the ogre.
The ogre resists.
The ogre is moderately wounded.
There is a stone staircase leading down here.
There is a stone staircase leading up here.
Throw: 3 darts (atropa)
Press: ? - help, Q - select action, (/) - cycle Shift-Dir - straight line, f/p - ogre
Aim: an ogre, wielding a +0 giant club (heavily wounded, poisoned, 76% to hit, chance to blind on hit: 27%)
You throw an atropa-tipped dart. The atropa-tipped dart hits the ogre.
The ogre resists.
The ogre is heavily wounded.
The ogre looks more healthy.
The ogre hits you with a +0 giant club!!
You die...

.......# #.# #.#
.......# #.# #.#
......(###.# #.#
.....((....#######.#
......(#...........#
(......#.###########
.......#.#
....####.#############
....# #........@O...#
....###############.##
.....>.....(<..# #.#
...#########.#.# #.#
##.####.# #.#.# #.#
.#.#....# #.#.####.##
......#.# #.#.......#
.#.#..#.# #.#########
.#.#..#.# #.#


You could see an ogre.

Vanquished Creatures
  A scorpion (D:5)
  A centaur zombie (D:5)
  A jelly (D:5)
  6 adders
  2 worms (D:2)
  8 orcs
  6 endoplasms
  A giant cockroach (D:3)
  4 goblins
  6 hobgoblins
  A quokka (D:1)
  2 ball pythons
  7 bats
  2 frilled lizards
  7 kobolds
  10 rats
  A spectral goblin (D:1)
66 creatures vanquished.

Notes
Turn   | Place    | Note
-------+----------+-------------------------------------------
     0 | D:1      | PidgeyThePirate the Demigod Transmuter began the quest for
                  | the Orb.
     0 | D:1      | Reached XP level 1. HP: 15/15 MP: 5/5
   246 | D:1      | Reached skill level 1 in Fighting
   542 | D:1      | Reached skill level 3 in Unarmed Combat
   701 | D:1      | Reached XP level 2. HP: 23/23 MP: 5/7
  1808 | D:2      | Reached XP level 3. HP: 25/28 MP: 6/8
  1873 | D:2      | Learned a level 2 spell: Wereblood
  3416 | D:3      | Reached XP level 4. HP: 35/35 MP: 9/9
  3427 | D:3      | Found a runed translucent door.
  3430 | D:3      | Noticed a bullfrog
  3438 | D:3      | Noticed Dorkslayer's ghost (amateur HOFi)
  3559 | D:3      | Reached skill level 1 in Stealth
  3599 | D:3      | Reached skill level 4 in Unarmed Combat
  4063 | D:3      | Noticed an ogre
  4255 | D:4      | Found Ehiu's Distillery.
  4304 | D:4      | Noticed an ogre
  4363 | D:5      | Entered Level 5 of the Dungeon
  4633 | D:5      | Reached XP level 5. HP: 21/40 MP: 11/11
  4826 | D:5      | Reached skill level 1 in Armour
  4982 | D:5      | Noticed a necrophage
  5261 | D:2      | Slain by an ogre

Illustrated notes

Levels and vault maps discovered:
D:1:      nzn_arrival_crosshair, layout_loops_ring,
          dreamdust_ecumenical_altar_drowned_temple,
          chequers_serial_rivers_large_b
D:2:      layout_basic, wad_orctagon
D:3:      layout_basic, overflow_temple_1_default, ebering_ghost_sewer_d,
          palyth_stone_intersect
D:4:      layout_cave_pools, bloody_makhleb, serial_shops, nicolae_diamond_shop,
          shop, shop, serial_rivers, chequers_serial_rivers_micro_b,
          chequers_serial_rivers_micro_d, chequers_serial_rivers_room_a,
          chequers_serial_rivers_room_a, chequers_serial_rivers_micro_a
D:5:      layout_loops_cross, serial_shops, nicolae_square_shop

Skill      XL: |  1  2  3  4  5 |
---------------+----------------+-----
Fighting       | 1 |  1.4
Unarmed Combat | 3 4 |  4.7
Spellcasting   | 2 |  2.4
Dodging        | 2 |  2.3
Transmutations | 2 |  2.1
Stealth        | 1 |  1.2
Armour         | 1 |  1.1

Action                   |  1- 3 |  4- 6 || total
-------------------------+-------+-------++-------
Melee: Unarmed           |   149 |    80 ||   229
       Kick              |     9 |     9 ||    18
       Headbutt          |    10 |     6 ||    16
       Punch             |     6 |     4 ||    10
Throw: Dart              |       |     7 ||     7
 Cast: Beastly Appendage |    14 |     8 ||    22
  Use: Potion            |     2 |       ||     2
       Scroll            |       |     1 ||     1
 Stab: Sleeping          |     3 |     1 ||     4
Armor: Robe              |    35 |       ||    35
       Leather armour    |     1 |    17 ||    18
       Skin              |     1 |       ||     1
Dodge: Dodged            |    74 |    64 ||   138

Table legend: (Time is in decaauts)
 A = Elapsed time spent in this place.
 B = Non-inter-level travel time spent in this place.
 C = Inter-level travel time spent in this place.
 D = Time resting spent in this place.
 E = Time spent auto-exploring this place.
 F = Levels seen in this place.
 G = Mean time per level.
                   A        B        C        D        E       F      G
               +--------+--------+--------+--------+--------+-----+--------+
         Total |   5284 |   5090 |    194 |      0 |   3933 |   5 | 1056.8 |
       Dungeon |   5284 |   5090 |    194 |      0 |   3933 |   5 | 1056.8 |
               +--------+--------+--------+--------+--------+-----+--------+

Top non-repeatable levels by time:
     D:2: 2246 daAuts
     D:1: 1211 daAuts
     D:3: 988 daAuts
     D:5: 640 daAuts
     D:4: 197 daAuts
